 Dungeon Crawl Stone Soup version 0.21-a0-536-gdbbf329 (webtiles) character file.

95 Spazmo the Magician (level 4, -12/24 HPs)
             Began as a Deep Elf Fire Elementalist on Dec 14, 2017.
             Mangled by a gnoll
             ... wielding a +0 halberd
              (14 damage)
             ... on level 3 of the Dungeon.
             The game lasted 00:04:29 (2242 turns).

Spazmo the Magician (Deep Elf Fire Elementalist)    Turns: 2242, Time: 00:04:29

Health: -12/24     AC:  2    Str:  5    XL:     4   Next: 40%
Magic:  5/12       EV:  7    Int: 21    God:
Gold:   113        SH:  0    Dex: 15    Spells: 1/11 levels left

rFire    . . .     SeeInvis .   d - +0 short sword
rCold    . . .     Gourm    .   (no shield)
rNeg     . . .     Faith    .   a - +0 robe
rPois    +         Spirit   .   (no helmet)
rElec    .         Reflect  .   (no cloak)
rCorr    .         Harm     .   (no gloves)
MR       .....                  (no boots)
Stlth    ++........             (no amulet)
HPRegen  0.08/turn              i - ring of poison resistance
MPRegen  0.13/turn              (no ring)

@: held
A: no striking features
a: no special abilities


You were on level 3 of the Dungeon.
You were not hungry.

You visited 1 branch of the dungeon, and saw 3 of its levels.

You collected 113 gold pieces.

Inventory:

Hand Weapons
 d - a +0 short sword (weapon)
Missiles
 e - 47 stones (quivered)
 o - 11 poisoned needles
Armour
 a - a +0 robe (worn)
Jewellery
 i - a ring of poison resistance (left hand)
Potions
 f - a potion of flight
 h - a potion of resistance {unknown}
 l - a potion of heal wounds {unknown}
 m - a potion of magic {unknown}
 n - a potion of agility {unknown}
Books
 b - a book of Flames

   Spells                             Type                      Level
   a - Flame Tongue                   Conjuration/Fire             1
   b - Throw Flame                    Conjuration/Fire             2
   c - Conjure Flame                  Conjuration/Fire             3
   d - Inner Flame                    Hexes/Fire                   3
   e - Sticky Flame                   Conjuration/Fire             4
   f - Fireball                       Conjuration/Fire             5
Comestibles
 c - a bread ration
 j - 4 fruits
 q - 4 chunks of flesh


   Skills:
 - Level 3.0 Dodging
 - Level 3.0 Stealth
 + Level 4.1 Spellcasting
 + Level 2.4 Conjurations
 + Level 4.1 Fire Magic


You had one spell level left.
You knew the following spells:

 Your Spells              Type           Power        Failure   Level  Hunger
a - Flame Tongue          Conj/Fire      ###..        3%          1    None
b - Throw Flame           Conj/Fire      ###...       4%          2    #......
c - Conjure Flame         Conj/Fire      ###.....     9%          3    ###....
d - Sticky Flame          Conj/Fire      ###.....     30%         4    ####...


Dungeon Overview and Level Annotations

Branches:
Dungeon (3/15)

Altars:
Zin


Message History

Casting: Flame Tongue
Confirm with . or Enter, or press ? or * to list all spells.
Aiming: Flame Tongue
Press: ? - help, Shift-Dir - straight line, f - gnoll
Aim: a gnoll The flame tongue hits the gnoll.
The gnoll is heavily wounded.
The gnoll hits you!
The gnoll hits you from afar with a spear!
* * * LOW HITPOINT WARNING * * *
Casting: Flame Tongue
Confirm with . or Enter, or press ? or * to list all spells.
Aiming: Flame Tongue
Press: ? - help, Shift-Dir - straight line, f/p - gnoll
Aim: a gnoll (heavily wounded)
The flame tongue hits the gnoll.
The gnoll is severely wounded.
The gnoll hits you from afar with a halberd!
Ouch! That really hurt!
You die...

.....# #.....
..# ######
#.#.### ## # #
#...# .# #.##
####.####
#####...%...# #
###....<...#
...........#..#
##...#.###.#
..#
...$.gg@..รท#
.# .##..#<.#..#
# #>..g........
#..###.#######
... #.#. ## ##
. #


You could see 3 gnolls.

Vanquished Creatures
  A gnoll (D:3)
  3 adders (D:2)
  A worm (D:2)
  A dart slug (D:2)
  2 leopard geckos
  An orc (D:3)
  7 bats
  4 giant cockroaches
  4 goblins
  A hobgoblin (D:2)
  6 jackals
  6 kobolds
  2 quokkas (D:3)
  3 ball pythons
  3 frilled lizards
  6 rats
51 creatures vanquished.

Notes
Turn   | Place    | Note
-------+----------+-------------------------------------------
     0 | D:1      | Spazmo the Deep Elf Fire Elementalist began the quest for the Orb.
     0 | D:1      | Reached XP level 1. HP: 10/10 MP: 6/6
   168 | D:1      | Reached XP level 2. HP: 15/15 MP: 2/8
   172 | D:1      | Learned a level 2 spell: Throw Flame
   755 | D:2      | You fall through a shaft!
   755 | D:3      | Found a glowing silver altar of Zin.
   897 | D:3      | Reached XP level 3. HP: 17/19 MP: 4/9
   924 | D:3      | Learned a level 3 spell: Conjure Flame
  1518 | D:2      | Reached XP level 4. HP: 20/24 MP: 5/11
  1524 | D:2      | Learned a level 4 spell: Sticky Flame
  2242 | D:3      | Mangled by a gnoll

Vault maps used:
D:1:      lordsloth_arrival_two_stooges, minmay_misc_feat_alley
D:3:      nicolae_qazlal_eye_of_the_storm, zin_academy,
          nicolae_ru_the_path_less_chosen

Skill      XL: |  1  2  3  4 |
---------------+-------------+-----
Stealth        | 3 |  3.0
Dodging        | 3 |  3.0
Conjurations   | 2 |  2.4
Fire Magic     | 4 |  4.1
Spellcasting   | 4 |  4.1

Action                   |  1- 3 |  4- 6 || total
-------------------------+-------+-------++-------
Melee: Short sword       |     7 |       ||     7
 Cast: Flame Tongue      |    73 |    20 ||    93
  Use: Scroll            |     2 |     4 ||     6
  Eat: Chunk             |     2 |     2 ||     4
Armor: Robe              |     6 |       ||     6
Dodge: Dodged            |    31 |     7 ||    38

Table legend:
 A = Spawn XP
 B = Non-spawn XP
 C = Spawn XP percentage of total XP
 D = Spawn monster count
 E = Non-spawn monster count
 F = Spawn count percentage of total count
 G = Total turns spent on level
                    A         B        C        D         E        F      G
               +---------+---------+-------+---------+---------+-------+---------
         Total |       0 |     137 |   0.0 |       0 |      51 |   0.0 |  2242
               +---------+---------+-------+---------+---------+-------+---------
           D:1 |       0 |      24 |   0.0 |       0 |      16 |   0.0 |   685
           D:2 |       0 |      74 |   0.0 |       0 |      21 |   0.0 |  1112
           D:3 |       0 |      39 |   0.0 |       0 |      14 |   0.0 |   445
               +---------+---------+-------+---------+---------+-------+---------
